 Dungeon Crawl Stone Soup version 0.29-a0-321-gf1c400731a (webtiles) character file.

Game seed: 7110254061720734875

4145 Murumi the Sneak (level 9, -4/112 HPs)
             Began as a Demigod Arcane Marksman on Apr 4, 2022.
             Slain by an ice beast (11 damage)
             ... on level 8 of the Dungeon.
             The game lasted 00:30:29 (7801 turns).

Murumi the Sneak (Demigod Arcane Marksman)          Turns: 7801, Time: 00:30:29

Health: -4/112     AC: 28    Str: 11    XL:     9   Next: 79%
Magic:  20/20      EV:  2    Int: 19    God:
Gold:   319        SH:  0    Dex: 22    Spells: 9/18 levels left

rFire   . . .      SeeInvis .   x - +0 arbalest
rCold   . . .      Faith    .   (shield currently unavailable)
rNeg    . . .      Spirit   .   (body armour currently unavailable)
rPois   +          Reflect  .   (helmet currently unavailable)
rElec   .          Harm     .   (cloak currently unavailable)
rCorr   .          Rampage  .   (gloves currently unavailable)
Will    .....      NoTele   +   (boots currently unavailable)
Stlth   ++++......              (no amulet)
HPRegen 0.28/turn               k - +4 ring of protection
MPRegen 0.17/turn               w - +4 ring of slaying

@: tree-form
A: stationary, stasis, torment immunity, boosted hp, high MP 1, forlorn, divine
attributes
a: no special abilities


You were on level 8 of the Dungeon.
You were a tree.
You visited 1 branch of the dungeon, and saw 8 of its levels.
You also visited: Sewer.

You collected 462 gold pieces.
You spent 143 gold pieces at shops.

Inventory:

Hand Weapons
 x - a +0 arbalest (weapon)
Missiles
 b - a throwing net
Armour
 j - a +1 cloak (melded)
 n - a +1 troll leather armour (melded)
 r - a +0 helmet (melded)
 t - a +0 pair of gloves (melded)
Jewellery
 k - a +4 ring of protection (left branch)
 l - a ring of protection from fire
 w - a +4 ring of slaying (right branch)
Wands
 o - a wand of flame (14)
Scrolls
 c - 2 scrolls of vulnerability
 e - 5 scrolls of teleportation
 m - a scroll of fog
 q - 8 scrolls of identify
 u - a scroll of fear
 v - a scroll of silence
Potions
 d - a potion of ambrosia
 f - 4 potions of curing
 g - 2 potions of lignification
 i - a potion of might
 p - a potion of resistance
 s - 4 potions of flight


   Skills:
 - Level 6.0 Fighting
 - Level 6.0 Crossbows
 - Level 2.0 Armour
 - Level 2.0 Dodging
 - Level 7.0 Stealth
 - Level 5.0 Spellcasting
 - Level 6.0 Hexes
 + Level 1.5 Transmutations


You had 9 spell levels left.
You knew the following spells:

 Your Spells              Type           Power      Damage    Failure   Level
a - Slow                  Hex            100%       N/A       1%          1
b - Inner Flame           Hex/Fire       16%        N/A       11%         3
c - Portal Projectile     Hex/Tloc       32%        N/A       11%         3
d - Wereblood             Tmut           10%        N/A       10%         2

Your spell library contained the following spells:

 Spells                   Type           Power      Damage    Failure   Level
 Beastly Appendage        Tmut           20%        N/A       7%          1
 Cause Fear               Hex            13%        N/A       11%         4
 Animate Skeleton         Necr           8%         N/A       12%         1
 Static Discharge         Conj/Air       4%         N/A       19%         2
 Spider Form              Tmut/Pois      7%         N/A       26%         3
 Anguish                  Hex/Necr       8%         N/A       34%         4
 Frozen Ramparts          Ice            8%         1d2       36%         3
 Lesser Beckoning         Tloc           4%         N/A       36%         3
 Teleport Other           Tloc           4%         N/A       36%         3
 Ice Form                 Ice/Tmut       7%         N/A       65%         4
 Summon Ice Beast         Ice/Summ       4%         N/A       77%         4
 Lightning Bolt           Conj/Air       2%         1d13      98%         5
 Maxwell's Capacitive Co  Air            2%         ∞         100%        8


Dungeon Overview and Level Annotations

Branches:
Dungeon (8/15)             Temple (0/1) D:7           Sewer (visited)
   Lair: D:8-11

Shops:
D:3 (   D:8 [

Annotations:
D:7 3 runed translucent doors, Morbidden's ghost, novice DgCj


Innate Abilities, Weirdness & Mutations

You are a tree.
Your roots penetrate the ground, keeping you stationary.
You cannot be teleported.
You are immune to unholy pain and torment.
Your maximum health is greatly increased.
Your equipment is partially melded.
You have an increased reservoir of magic. (+10% MP)
You shall have no god before yourself.
Your divine heritage dramatically boosts your attributes as you level up.


Message History

Aim: an orc warrior, wielding a +0 hand axe, wearing a +0 plate armour, wearing a ring of flight and carrying a wand of charming (7) (moderately wounded, 71% to hit)
You shoot a bolt. The bolt hits the two-headed ogre!
The two-headed ogre is almost dead.
The two-headed ogre hits you with a +0 giant club!
* * * LOW HITPOINT WARNING * * *
The two-headed ogre hits you with a +0 giant spiked club!
* * * LOW HITPOINT WARNING * * *
Unknown command.
Okay, then.
Shoot: x) +0 arbalest
Press: ? - help, Q - select action, (/) - cycle Shift-Dir - straight line, f/p - orc warrior
Aim: an orc warrior, wielding a +0 hand axe, wearing a +0 plate armour, wearing a ring of flight and carrying a wand of charming (7) (moderately wounded, 71% to hit)
You shoot a bolt. The bolt hits the two-headed ogre.
You kill the two-headed ogre!
The centaur wields a +0 shortbow.
The centaur shoots an arrow.
The arrow hits you but does no damage.
The centaur shoots an arrow.
The arrow hits you.
* * * LOW HITPOINT WARNING * * *
Training target 6.0 for Hexes reached!
Your Hexes skill increases to level 6!
You need to enable at least one skill for training.
Training target 1.0 for Transmutations reached!
Your Transmutations skill increases to level 1!
You need to enable at least one skill for training.
Shoot: x) +0 arbalest
Press: ? - help, Q - select action, (/) - cycle Shift-Dir - straight line, f/p - orc warrior
Aim: an orc warrior, wielding a +0 hand axe, wearing a +0 plate armour, wearing a ring of flight and carrying a wand of charming (7) (moderately wounded, 71% to hit)
You shoot a bolt. The bolt hits the centaur!
The centaur is almost dead.
The centaur unwields a +0 shortbow.
The centaur completely misses you.
The centaur kicks you but does no damage.
Shoot: x) +0 arbalest
Press: ? - help, Q - select action, (/) - cycle Shift-Dir - straight line, f/p - orc warrior
Aim: an orc warrior, wielding a +0 hand axe, wearing a +0 plate armour, wearing a ring of flight and carrying a wand of charming (7) (moderately wounded, 71% to hit)
You shoot a bolt. The bolt hits the centaur!
You kill the centaur!
The ice beast hits you.
* * * LOW HITPOINT WARNING * * *
The ice beast freezes you!
You die...

#.# #...........# ## #.#
#.#.##.####.# # #.# #....#.#
#.# # . #.# #..###.# #.# #
##.######..# #.####.#
#...##.....# #......#
#..')....# ########
##.'..#######################
#..'..'.o)gY♣.........)).)...
#...##..#######.........#######
##.##...# #.........'...#
#..#....# #.........###.#
...##....# #.........###.### #.
#.....# #.........##.....
######'##### ##.........##.....
##.####.....#
#..........##.....
##.......###.#
#..........##.....


You could see an orc warrior, an ice beast and a gnoll shaman.

Vanquished Creatures
  A two-headed ogre (D:8)
  A troll (D:8)
  A yak (D:8)
  3 water moccasins
  A black bear (D:3)
  3 orc warriors
  3 ice beasts
  3 centaurs
  2 phantoms
  2 kobold brigands (D:8)
  2 gnoll sergeants (D:8)
  3 bullfrogs
  4 scorpions
  2 necrophages
  3 wights (D:8)
  A howler monkey (D:8)
  7 jellies
  4 orc priests
  2 hounds
  An iguana (D:7)
  7 orc wizards
  A merfolk siren (Sewer)
  A merfolk avatar (Sewer)
  5 gnolls
  13 adders
  A river rat (Sewer)
  A shadow imp (D:5)
  An ufetubus (D:4)
  5 worms
  35 orcs
  6 endoplasms
  4 giant cockroaches
  10 goblins
  6 hobgoblins
  9 jackals
  7 kobolds
  9 ball pythons
  3 bats (D:1)
  8 frilled lizards
  24 rats
  A spectral orc (D:8)
206 creatures vanquished.

Notes
Turn   | Place    | Note
-------+----------+-------------------------------------------
     0 | D:1      | Murumi the Demigod Arcane Marksman began the quest for the
                  | Orb.
     0 | D:1      | Reached XP level 1. HP: 15/15 MP: 4/4
    20 | D:1      | Reached skill level 1 in Fighting
   230 | D:1      | Reached XP level 2. HP: 21/23 MP: 5/5
   348 | D:1      | Reached skill level 1 in Stealth
   828 | D:2      | Reached skill level 2 in Stealth
   828 | D:2      | Reached XP level 3. HP: 28/28 MP: 6/6
   870 | D:2      | Noticed a phantom
   897 | D:2      | Killed a phantom
   898 | D:2      | Reached skill level 1 in Armour
   898 | D:2      | Reached XP level 4. HP: 11/36 MP: 6/9
  1337 | D:2      | Learned a level 1 spell: Slow
  1341 | D:2      | Learned a level 3 spell: Inner Flame
  1345 | D:2      | Learned a level 3 spell: Portal Projectile
  2232 | D:3      | Reached skill level 3 in Stealth
  2366 | D:3      | Reached XP level 5. HP: 41/41 MP: 10/10
  2502 | D:3      | Found Deheb's Weapon Shoppe.
  2525 | D:3      | Noticed a black bear
  2530 | D:3      | Killed a black bear
  2537 | D:3      | Noticed an ice beast
  2544 | D:3      | Killed an ice beast
  2545 | D:3      | Reached XP level 6. HP: 33/51 MP: 11/11
  2560 | D:3      | Learned a level 2 spell: Wereblood
  3000 | D:4      | Reached skill level 4 in Stealth
  3715 | D:4      | Reached XP level 7. HP: 59/59 MP: 14/14
  4124 | D:5      | Entered Level 5 of the Dungeon
  4916 | D:6      | Found a glowing drain.
  4925 | Sewer    | Entered a sewer
  5392 | D:6      | Reached skill level 5 in Stealth
  5392 | D:6      | Reached XP level 8. HP: 66/66 MP: 14/16
  5912 | D:7      | Noticed a slime creature
  5913 | D:7      | Found a runed translucent gate.
  5914 | D:7      | Found a runed translucent gate.
  5915 | D:7      | Found a runed translucent gate.
  5931 | D:7      | Reached skill level 5 in Fighting
  6336 | D:7      | Found a staircase to the Ecumenical Temple.
  6440 | D:7      | Reached skill level 5 in Crossbows
  6610 | D:7      | Reached skill level 5 in Hexes
  6740 | D:7      | Noticed Morbidden's ghost (novice DgCj)
  6973 | D:8      | Found Gaaleg's Armour Shoppe.
  6976 | D:8      | Bought a +1 leather armour of poison resistance for 143
                  | gold pieces
  7051 | D:8      | Reached skill level 6 in Stealth
  7173 | D:8      | Reached XP level 9. HP: 63/74 MP: 18/18
  7320 | D:8      | Reached skill level 7 in Stealth
  7652 | D:8      | Got Wivvemee's Collected Works on Dislocation and Sinister
                  | Rites
  7779 | D:8      | Reached skill level 5 in Spellcasting
  7781 | D:8      | Noticed a two-headed ogre
  7796 | D:8      | HP: 5/112 [two-headed ogre/+0 giant club (6)]
  7799 | D:8      | Killed a two-headed ogre
  7800 | D:8      | Reached skill level 1 in Transmutations
  7801 | D:8      | Slain by an ice beast

Illustrated notes

Levels and vault maps discovered:
D:1:      wheals_arrival_shading, layout_rooms, ebering_ecumenical_altar_hall
D:2:      layout_basic, basic_altar, minmay_three_crescents
D:3:      minmay_spotlight, layout_rooms, serial_shops, shop
D:4:      layout_layer_cave, nicolae_overflow_crystal_walls
D:5:      layout_rooms
D:6:      layout_rooms, portal_sewer_entry_d, grunt_ministairs_2
D:7:      layout_gridville, mainiacjoe_overflow_alcove_2,
          minmay_temple_entry_slanted, gammafunk_ghost_split
D:8:      layout_basic, yredelemnul_forgotten_temple_becter, serial_shops,
          nicolae_stop_n_shop_2, kennysheep_kite_vault

Skill      XL: |  1  2  3  4  5  6  7  8  9 |
---------------+----------------------------+-----
Fighting       | 1 2 3 4 5 6 |  6.0
Crossbows      | 2 3 4 5 6 |  6.0
Dodging        | 2 |  2.0
Hexes          | 3 4 5 6 |  6.0
Stealth        | 2 3 4 5 6 7 |  7.0
Armour         | 1 2 |  2.0
Spellcasting   | 2 3 4 5 |  5.0
Transmutations | 1 |  1.5

Action                   |  1- 3 |  4- 6 |  7- 9 || total
-------------------------+-------+-------+-------++-------
Melee: Hand crossbow     |       |       |     2 ||     2
 Fire: Hand crossbow     |    73 |   146 |   318 ||   537
       Arbalest          |       |       |    56 ||    56
 Cast: Slow              |     3 |       |     2 ||     5
  Use: Scroll            |     7 |     7 |     8 ||    22
       Potion            |     1 |       |     4 ||     5
Armor: Robe              |    11 |    14 |       ||    25
       Skin              |    10 |       |     3 ||    13
       Leather armour    |       |    11 |    68 ||    79
       Troll leather arm |       |       |    20 ||    20
Dodge: Dodged            |    19 |    47 |   115 ||   181

Table legend: (Time is in decaauts)
 A = Elapsed time spent in this place.
 B = Non-inter-level travel time spent in this place.
 C = Inter-level travel time spent in this place.
 D = Time resting spent in this place.
 E = Time spent auto-exploring this place.
 F = Levels seen in this place.
 G = Mean time per level.
                   A        B        C        D        E       F      G
               +--------+--------+--------+--------+--------+-----+--------+
         Total |   8086 |   7557 |    529 |     30 |   5998 |   9 |  898.4 |
       Dungeon |   7648 |   7119 |    529 |     30 |   5768 |   8 |  956.0 |
         Sewer |    438 |    438 |      0 |      0 |    229 |   1 |  438.0 |
               +--------+--------+--------+--------+--------+-----+--------+

Top non-repeatable levels by time:
     D:2: 1466 daAuts
     D:7: 1250 daAuts
     D:4: 1226 daAuts
     D:8: 843 daAuts
     D:3: 786 daAuts
     D:1: 767 daAuts
     D:5: 721 daAuts
     D:6: 585 daAuts
   Sewer: 438 daAuts
